 Dungeon Crawl Stone Soup version 0.31-a0-1321-g5021b54 (webtiles) character file.

Game seed: 15069523032531949383

58 Meow the Conjurer (level 4, 36/36 HPs)
             Began as a Naga Conjurer on Dec 20, 2023.
             Quit the game on level 3 of the Dungeon.
             The game lasted 00:03:24 (1489 turns).

Meow the Conjurer (Naga Conjurer)                   Turns: 1489, Time: 00:03:24

Health: 36/36      AC:  2    Str: 10    XL:     4   Next: 1%
Magic:  6/8        EV:  9    Int: 20    God:
Gold:   44         SH:  0    Dex:  9    Spells: 6/9 levels left

rFire   . . .        a - +0 sling
rCold   . . .        (no shield)
rNeg    . . .        d - +0 robe
rPois   +            (no helmet)
rElec   .            (no cloak)
rCorr   .            (no gloves)
SInv    +            (no barding)
Will    .....        (no amulet)
Stlth   ++           (no ring)
HPRegen 0.26/turn    (no ring)
MPRegen 0.11/turn

%: no passive effects
@: very slow
A: AC +1, large, see invisible, deformed body, poison resistance, slowness 2,
spit poison 1, naga tail 1
a: Spit Poison


You were on level 3 of the Dungeon.
You visited 1 branch of the dungeon, and saw 3 of its levels.

You collected 44 gold pieces.

Inventory:

Hand Weapons
 a - a +0 sling (weapon)
 j - a +0 dagger
 k - a +0 flail of venom
Missiles
 l - 13 stones
Armour
 d - a +0 robe (worn)
Scrolls
 c - a scroll of identify {unknown}
 e - a scroll of blinking {unknown}
 f - 2 scrolls of fog {unknown}
 h - a scroll of fear {unknown}
 m - a scroll of revelation {unknown}
Potions
 b - a potion of magic
 g - a potion of mutation {unknown}
 i - a potion of curing {unknown}
 n - a potion of degeneration {unknown}


   Skills:
 - Level 1.5 Dodging
 - Level 3.0 Stealth
 + Level 3.0 Spellcasting
 + Level 4.7 Conjurations


You had 6 spell levels left.
You knew the following spells:

 Your Spells              Type           Power      Damage    Failure   Level
a - Magic Dart            Conj           88%        1d7       1%          1
b - Searing Ray           Conj           44%        2d6       3%          2

Your spell library contained the following spells:

 Spells                   Type           Power      Damage    Failure   Level
 Fulminant Prism          Conj/Alch      6%         3d7       47%         4
 Iskenderun's Mystic Bla  Conj/Tloc      12%        2d5       47%         4


Dungeon Overview and Level Annotations

Branches:
Dungeon (3/15)

Altars:

Annotations:
D:2 Sigmund


Innate Abilities, Weirdness & Mutations

Your serpentine skin is tough. (AC +1)
You have supernaturally acute eyesight. (SInv)
Armour fits poorly on your strangely shaped body.
Your system is resistant to poisons. (rPois)
You cover ground very slowly.
You can spit poison.
You have a snake-like lower body.


Message History

You kill the endoplasm!
Found a stone staircase leading down.
There is a stone staircase leading down here.
You climb downwards.
There is a stone staircase leading up here.
Aiming: Spit Poison (2% risk of failure)
Press: ? - help, Shift-Dir - straight line, f - adder
Aim: an adder (asleep, 100% to hit)
The splash of poison hits the adder!
The adder is poisoned.
The adder is almost dead.
The adder hisses angrily.
The adder bites you.
Casting: Magic Dart (safe; 1% risk of failure)
Confirm with . or Enter, or press ? or * to list all spells.
Aiming: Searing Ray (safe; 3% risk of failure)
Press: ? - help, Shift-Dir - straight line, f/p - adder
Aim: an adder (almost dead, poisoned, 63% to hit)
The searing ray hits the adder!
You kill the adder! (Press . to maintain the ray.)
Your Spellcasting skill increases to level 3!
You start resting.
You have got your breath back.
You start resting.
HP restored.
You start resting.
Magic restored.
Found a stone staircase leading down.
Found 4 curare-tipped darts.
A ball python comes into view.
Casting: Searing Ray (safe; 3% risk of failure)
Confirm with . or Enter, or press ? or * to list all spells.
Aiming: Magic Dart (safe; 1% risk of failure)
Press: ? - help, Shift-Dir - straight line, f - ball python
Aim: a ball python (asleep, 100% to hit)
The magic dart hits the ball python.
You kill the ball python!
You have reached level 4!
You feel stronger.
Are you sure you want to abandon this character and quit the game? (Confirm with "yes".)

#.#######.#.#
#.. ...#.#
#########.#.#
..........#
#######.###
.........#
.########..#
.........#.#
..######@#.#
.†.............
..#####.#.###..
..#... ###(...
...... #... .#.


There were no monsters in sight!

Vanquished Creatures
  A gnoll (D:1)
  An adder (D:3)
  2 ball pythons
  5 endoplasms
  3 hobgoblins (D:1)
  4 jackals (D:1)
  5 quokkas (D:1)
  A bat (D:1)
  4 frilled lizards (D:1)
  3 goblins
  4 kobolds
  2 rats (D:1)
35 creatures vanquished.

Notes
Turn   | Place    | Note
-------+----------+-------------------------------------------
     0 | D:1      | Meow the Naga Conjurer began the quest for the Orb.
     0 | D:1      | Reached XP level 1. HP: 15/15 MP: 3/3
   209 | D:1      | Reached XP level 2. HP: 22/22 MP: 5/5
   212 | D:1      | Learned a level 2 spell: Searing Ray
   576 | D:1      | Reached XP level 3. HP: 28/28 MP: 3/6
  1291 | D:2      | Noticed Sigmund
  1489 | D:3      | Reached XP level 4. HP: 36/36 MP: 6/8
  1489 | D:3      | Quit the game

Illustrated notes

Levels and vault maps discovered:
D:1:      dpeg_arrival_rooms_with_view, layout_loops_ring,
          chequers_serial_rivers_micro_a, amcnicky_mini_corridor_feature,
          st_stairs_14, minivault_19
D:2:      layout_loops_ring, basic_altar, uniq_sigmund, uniq_jessica
D:3:      layout_basic, serial_bayou_pond_c, uniq_terence, uniq_robin

Skill      XL: |  1  2  3 |
---------------+----------+-----
Spellcasting   | 3 |  3.0
Dodging        | |  1.5
Stealth        | |  3.0
Conjurations   | |  4.7

Action                     |  1- 3 |  4- 6 || total
---------------------------+-------+-------++-------
  Melee: Dagger            |     9 |       ||     9
   Cast: Magic Dart        |    37 |       ||    37
         Searing Ray       |     6 |       ||     6
Ability: Spit Poison       |    18 |       ||    18
 Armour: Robe              |    11 |       ||    11
  Dodge: Dodged            |     6 |       ||     6

Table legend: (Time is in decaauts)
 A = Elapsed time spent in this place.
 B = Non-inter-level travel time spent in this place.
 C = Inter-level travel time spent in this place.
 D = Time resting spent in this place.
 E = Time spent auto-exploring this place.
 F = Levels seen in this place.
 G = Mean time per level.
                   A        B        C        D        E       F      G
               +--------+--------+--------+--------+--------+-----+--------+
         Total |   1882 |   1688 |    194 |    386 |    986 |   3 |  627.3 |
       Dungeon |   1882 |   1688 |    194 |    386 |    986 |   3 |  627.3 |
               +--------+--------+--------+--------+--------+-----+--------+

Top non-repeatable levels by time:
     D:1: 1690 daAuts
     D:2: 117 daAuts
     D:3: 74 daAuts
